 Dungeon Crawl Stone Soup version 0.27-a0-1119-gbf574a6a6b (webtiles) character file.

Game seed: 17239343149234197667

263 spiderkeys the Chopper (level 6, -4/56 HPs)
             Began as a Hill Orc Monk on May 3, 2021.
             Splashed by a jelly's acid (7 damage)
             ... on level 4 of the Dungeon.
             The game lasted 00:04:17 (3543 turns).

spiderkeys the Chopper (Hill Orc Monk)              Turns: 3543, Time: 00:04:17

Health: -4/56      AC: -14   Str: 16    XL:     6   Next: 19%
Magic:  6/6        EV: 11    Int: 10    God:
Gold:   168        SH:  0    Dex: 19    Spells: 5/5 levels left

rFire    . . .     SeeInvis .   h - +0 war axe
rCold    . . .     Faith    .   (no shield)
rNeg     . . .     Spirit   .   c - +0 ring mail
rPois    .         Reflect  .   b - +0 helmet
rElec    .         Harm     .   (no cloak)
rCorr    .         Rampage  .   (no gloves)
Will     .....                  f - +0 pair of boots
Stlth    +.........             g - amulet of regeneration
HPRegen  1.18/turn              D - +6 ring of dexterity
MPRegen  0.10/turn              (no ring)

@: corroded
A: talons 1, iridescent scales 1, deterioration 1
a: no special abilities


You were on level 4 of the Dungeon.
You visited 1 branch of the dungeon, and saw 4 of its levels.

You collected 168 gold pieces.


Innate Abilities, Weirdness & Mutations

You have sharp toenails.
You are partially covered in iridescent scales. (AC +2)
Your body sometimes deteriorates upon taking damage.


   Skills:
 + Level 5.1 Fighting
 * Level 6.9 Axes
 + Level 3.0 Armour
 - Level 2.4 Dodging
 - Level 1.5 Stealth


You had 5 spell levels left.
You didn't know any spells.
Your spell library was empty.

Inventory:

Hand Weapons
 a - a +0 hand axe
 h - a +0 war axe (weapon)
   (You found it on level 4 of the Dungeon)
Missiles
 i - 56 stones (quivered)
 j - 2 sling bullets
 m - 51 arrows
Armour
 b - a +0 helmet (worn)
   (You took it off Robin on level 3 of the Dungeon)
 c - a +0 ring mail (worn)
   (You found it on level 1 of the Dungeon)
 f - a +0 pair of boots (worn)
   (You found it on level 1 of the Dungeon)
Jewellery
 g - an amulet of regeneration (around neck)
   (You found it on level 4 of the Dungeon)
 k - an amulet of magic regeneration
   (You found it on level 2 of the Dungeon)
 D - a +6 ring of dexterity (left hand)
   (You found it on level 1 of the Dungeon)
 I - a +6 ring of intelligence
   (You found it on level 3 of the Dungeon)
Wands
 n - a wand of paralysis (6)
   (You found it on level 2 of the Dungeon)
Scrolls
 o - a scroll of magic mapping {!r}
Potions
 e - 2 potions of attraction {!q}
 l - a potion of resistance

Dungeon Overview and Level Annotations

Branches:
Dungeon (4/15)
 Temple: D:4-7

Altars:

Shops:
D:1

( ...
...............
############.####...
.....# #..# .###.#
##.## .# #.# #..# .#
#.# ##.## .# #.#
#..# ## #.# ##.##
#.# #.@# ####.# ##J#
.....# #.. ######
##.# ^. #.# .. ...


You could see a jelly.


Message History

o - a scroll of magic mapping
As you read the scroll of identify {@r1}, it crumbles to dust.
p - a potion of mutation Key pressed, stopping explore.
A jelly comes into view.
The jelly quivers.
Found an escape hatch in the ceiling.
The jelly barely misses you.
You hit the jelly.
Your hands burn!
The jelly barely misses you. 😕 HP[-3]
You take 3 damage, and now have 53/56 hp.
You slash the jelly! The acid corrodes you!
Your hands burn!
The jelly barely misses you.
You hit the jelly.
Your hands burn!
The jelly hits you but does no damage.
You slash the jelly!
You kill the jelly!
Your Armour skill increases to level 3! 😕 HP[-2]
You take 2 damage, and now have 51/56 hp.
No target in view!
No target in view!
Unknown command.
No target in view!
There is an escape hatch in the ceiling here.
You are no longer corroded.
Key pressed, stopping explore.
m - 51 arrows (gained 17)
A jelly comes into view.
The jelly moves out of view. 😎 HP[+5]
Your hp is fully restored (56).
Really quaff
p - a potion of mutation {!q}?
Really quaff the potion of mutation?
You feel extremely strange.
You feel yourself wasting away.
Iridescent scales grow over part of your body.
Your toenails lengthen and sharpen.
A jelly is nearby!
A jelly is nearby!
A jelly is nearby!
A jelly is nearby!
The jelly quivers.
You completely miss the jelly. The jelly misses you.
You slash the jelly! The acid corrodes you!
Your hands burn!
The jelly barely misses you. 😕 HP[-1]
You take 1 damage, and now have 55/56 hp.
You hit the jelly but do no damage. The acid corrodes you!
Your hands burn!
The jelly hits you. The acid corrodes you!
You are splashed with acid!
The jelly misses you. 😕 HP[-12]
You take 12 damage, and now have 43/56 hp.
MASSIVE DAMAGE!! (PAUSE)
You hit the jelly but do no damage.
Your hands burn!
The jelly hits you. The acid corrodes you!
You are splashed with acid. 😮 HP[-8]
You take 8 damage, and now have 35/56 hp.
You are too injured to fight recklessly!
You are too injured to fight recklessly!
You are too injured to fight recklessly!
Unknown command.
You hit the jelly. The acid corrodes you!
Your hands burn!
The jelly hits you. The acid corrodes you!
You are splashed with acid.
* * * LOW HITPOINT WARNING * * *
😨 HP[-7]
You take 7 damage, and now have 28/56 hp.
You hit the jelly but do no damage. The acid corrodes you!
Your hands burn!
* * * LOW HITPOINT WARNING * * *
The jelly barely misses you. 😨 HP[-4]
You take 4 damage, and now have 24/56 hp.
You hit the jelly.
Your hands burn!
* * * LOW HITPOINT WARNING * * *
The jelly barely misses you. 😨 HP[-2]
You take 2 damage, and now have 22/56 hp.
You hit the jelly but do no damage. The acid corrodes you!
Your hands burn!
* * * LOW HITPOINT WARNING * * *
The jelly hits you.
* * * LOW HITPOINT WARNING * * *
The acid corrodes you!
You are splashed with acid!
* * * LOW HITPOINT WARNING * * *
😱 HP[-10]
You take 10 damage, and now have 12/56 hp.
You hit the jelly but do no damage. The acid corrodes you!
Your hands burn!
* * * LOW HITPOINT WARNING * * *
The jelly barely misses you. 😱 HP[-3]
You take 3 damage, and now have 9/56 hp.
You hit the jelly but do no damage.
Your hands burn!
* * * LOW HITPOINT WARNING * * *
The jelly closely misses you. The jelly barely misses you. 😱 HP[-2]
You take 2 damage, and now have 7/56 hp.
You hit the jelly but do no damage.
Your hands burn!
* * * LOW HITPOINT WARNING * * *
The jelly hits you.
* * * LOW HITPOINT WARNING * * *
You are splashed with acid!
You die...

Skill      XL: |  1  2  3  4  5  6 |
---------------+-------------------+-----
Armour         | 1 2 3 |  3.0
Fighting       | 4 5 |  5.1
Axes           | 5 6 |  6.9
Dodging        | |  2.4
Stealth        | |  1.5

Action                   |  1- 3 |  4- 6 || total
-------------------------+-------+-------++-------
Melee: Hand axe          |   105 |   120 ||   225
       War axe           |       |    15 ||    15
  Use: Scroll            |     3 |     3 ||     6
       Potion            |       |     7 ||     7
 Stab: Sleeping          |     1 |     2 ||     3
Armor: Ring mail         |    36 |    48 ||    84
Dodge: Dodged            |    71 |    89 ||   160

Levels and vault maps discovered:
D:1:      sevenhm_arrival_forest_fort_small_4, layout_rooms, serial_shops,
          nicolae_shop_overgrown_old_shop, hangedman_decor_growths,
          minmay_misc_feat_more_columns
D:2:      layout_loops_ring, ebering_ecumenical_altar_hall
D:3:      layout_basic, serial_bayou_pond_d, roderic_roman_lattice, uniq_robin
D:4:      layout_basic, nicolae_overflow_hidden_temple

Notes
Turn   | Place    | Note
-------+----------+-------------------------------------------
     0 | D:1      | spiderkeys the Hill Orc Monk began the quest for the Orb.
     0 | D:1      | Reached XP level 1. HP: 19/19 MP: 1/1
     0 | D:1      | magus.rc [v1.9.10]
   423 | D:1      | Reached XP level 2. HP: 27/27 MP: 2/2
   466 | D:1      | Found Uclipivia's Antique Weapon Shop.
   809 | D:2      | Reached skill level 1 in Armour
   953 | D:2      | Found a faded altar of an unknown god.
   967 | D:2      | Reached skill level 4 in Fighting
   967 | D:2      | Reached XP level 3. HP: 29/33 MP: 3/3
  1033 | D:2      | Reached skill level 5 in Axes
  1537 | D:3      | HP: 8/33 [orc/+0 club (4)]
  1822 | D:3      | Reached XP level 4. HP: 36/40 MP: 4/4
  1827 | D:3      | Noticed Robin
  1846 | D:3      | HP: 8/40 [Robin/+0 spear (3)]
  1851 | D:3      | HP: 10/40 [Robin/+0 spear (2)]
  1863 | D:3      | HP: 9/40 [Robin/+0 spear (4)]
  1866 | D:3      | Killed Robin
  2207 | D:3      | Reached skill level 2 in Armour
  2524 | D:3      | Reached XP level 5. HP: 47/47 MP: 5/5
  2541 | D:3      | Reached skill level 6 in Axes
  3304 | D:4      | Noticed a phantom
  3321 | D:4      | Killed a phantom
  3322 | D:4      | Reached skill level 5 in Fighting
  3322 | D:4      | Reached XP level 6. HP: 39/56 MP: 6/6
  3503 | D:4      | Reached skill level 3 in Armour
  3526 | D:4      | Gained mutation: Your body sometimes deteriorates upon
                  | taking damage. [potion of mutation]
  3526 | D:4      | Gained mutation: You are partially covered in iridescent
                  | scales. (AC +2) [potion of mutation]
  3526 | D:4      | Gained mutation: You have sharp toenails. [potion of
                  | mutation]
  3540 | D:4      | HP: 12/56 [acid (10)]
  3543 | D:4      | HP: 2/56 [acid (5)]
  3543 | D:4      | Splashed by a jelly's acid

Vanquished Creatures
  A phantom (D:4)
  2 jellies
  An iguana (D:3)
  Robin (D:3)
  2 adders
  2 dart slugs
  4 orcs (D:3)
  5 bats
  2 giant cockroaches
  12 goblins
  7 hobgoblins
  11 jackals
  3 quokkas
  4 ball pythons
  2 frilled lizards
  A kobold (D:3)
  6 rats
66 creatures vanquished.

Vanquished Creatures (others)
  2 plants (D:3)
2 creatures vanquished.

Grand Total: 68 creatures vanquished

Table legend:
 A = Non-vault XP
 B = Vault XP
 C = Vault XP percentage of total XP
 D = Non-vault monster count
 E = Vault monster count
 F = Vault count percentage of total count
                 A         B        C        D         E       F
            +---------+---------+-------+---------+---------+-------
      Total |     342 |      35 |   9.3 |      55 |      11 |  16.7
            +---------+---------+-------+---------+---------+-------
        D:1 |      19 |       0 |   0.0 |      10 |       0 |   0.0
        D:2 |      40 |       0 |   0.0 |      17 |       0 |   0.0
        D:3 |     137 |      35 |  20.3 |      26 |      11 |  29.7
        D:4 |     146 |       0 |   0.0 |       2 |       0 |   0.0
            +---------+---------+-------+---------+---------+-------

Illustrated notes

Table legend:
 A = Kills in this place as a percentage of kills in entire the game.
 B = Kills by you in this place as a percentage of kills by you in the entire game.
 C = Kills by friends in this place as a percentage of kills by friends in the entire game.
 D = Other kills in this place as a percentage of other kills in the entire game.
 E = Experience gained in this place as a percentage of experience gained in the entire game.
 F = Experience gained in this place divided by the number of levels of this place that you have seen.
                   A       B       C       D       E      F
               +-------+-------+-------+-------+-------+----------------------
         Total | 100.0 | 100.0 |   N/A |   N/A | 100.0 |  94.2
       Dungeon | 100.0 | 100.0 |   N/A |   N/A | 100.0 |  94.2
               +-------+-------+-------+-------+-------+----------------------

Table legend: (Time is in decaauts)
 A = Elapsed time spent in this place.
 B = Non-inter-level travel time spent in this place.
 C = Inter-level travel time spent in this place.
 D = Time resting spent in this place.
 E = Time spent auto-exploring this place.
 F = Levels seen in this place.
 G = Mean time per level.
                   A        B        C        D        E       F      G
               +--------+--------+--------+--------+--------+-----+--------+
         Total |   3553 |   3504 |     49 |    484 |   2516 |   4 |  888.2 |
       Dungeon |   3553 |   3504 |     49 |    484 |   2516 |   4 |  888.2 |
               +--------+--------+--------+--------+--------+-----+--------+

Top non-repeatable levels by time:
     D:3: 1699 daAuts
     D:2: 898 daAuts
     D:1: 715 daAuts
     D:4: 240 daAuts
